 Dungeon Crawl Stone Soup version 0.32-a0-630-g46d191b0ed (webtiles) character file.

Game seed: 12959431647476434433

69115 IdlyInterested the Fighter (level 14, -4/118 HPs)
             Began as a Demonspawn Gladiator on Mar 1, 2024.
             Was an Initiate of Jiyva.
             Slain by a snapping turtle (14 damage)
             ... on level 5 of the Lair of Beasts on Mar 6, 2024.
             The game lasted 01:07:55 (18619 turns).

IdlyInterested the Fighter (Demonspawn Gladiator)  Turns: 18619, Time: 01:07:56

Health: -4/118     AC: 24    Str: 16    XL:     14   Next: 89%
Magic:  23/23      EV: 11    Int:  8    God:    Jiyva [......]
Gold:   394        SH: 23    Dex: 19    Spells: 13/13 levels left

rFire   . .          .
                       - Unarmed
rCold   . . .        j - +3 kite shield of Dramatic Exits {Harm rPois rCorr Stlth-}
rNeg    . . .        J - +8 chain mail of the Ladybird {rPois MP+9}
rPois   +            b - +0 helmet
rElec   .            y - scarf {repulsion}
rCorr   +            (no gloves)
SInv    .            i - +0 pair of boots
Will    +....        T - amulet of reflection
Stlth   +            e - +4 ring of slaying
HPRegen 0.39/turn    V - ring of poison resistance
MPRegen 0.18/turn

%: harm (+30% outgoing, +20% incoming), repel missiles, reflection
@: mesmerised, hasted, very quick
A: claws 2, icemail 1, spiny 2, augmentation 1, sturdy frame 2, condensation
shield, fangs 1, wild magic 1
a: Renounce Religion


You were on level 5 of the Lair of Beasts.
You worshipped Jiyva.
Jiyva was noncommittal.
You visited 3 branches of the dungeon, and saw 17 of its levels.
You also visited: Sewer, Bailey and Ice Cave.

You collected 1384 gold pieces.
You spent 990 gold pieces at shops.

Inventory:

Hand Weapons
 M - the +3 rapier "Afoso" {vamp, ^Drain MP+9 Str+3 SInv}
   (You found it in an ice cave)

   Str+3:     It affects your strength (+3).
   MP+9:      It affects your magic capacity (+9).
   SInv:      It lets you see invisible.
   ^Drain:    It drains your maximum health when unequipped.
Missiles
 d - 8 javelins
 r - 20 stones (quivered)
 v - 21 poisoned darts
 D - a throwing net
 G - 5 boomerangs
 P - 3 curare-tipped darts
Armour
 b - a +0 helmet (worn)
 i - a +0 pair of boots (worn)
 j - the +3 kite shield of Dramatic Exits (worn) {Harm rPois rCorr Stlth-}
   (You bought it in a shop on level 3 of the Dungeon)

   rPois:     It protects you from poison.
   rCorr:     It protects you from acid and corrosion.
   Harm:      It increases damage dealt and taken.
   Stlth-:    It makes you less stealthy.
 l - the +5 robe of Night {Dark Will+ SInv}
   (You found it in an ice cave)

   Dark:      It shrouds the wearer in darkness, reducing the range at which
   they can see and be seen by others.
   Will+:     It increases your willpower.
   SInv:      It lets you see invisible.
 s - the +0 leather armour "Pohah" {rF++ rN++ SInv}
   (You found it on level 5 of the Lair of Beasts)

   rF++:      It greatly protects you from fire.
   rN++:      It greatly protects you from negative energy.
   SInv:      It lets you see invisible.
 y - a scarf of repulsion (worn)
 J - the +8 chain mail of the Ladybird (worn) {rPois MP+9}
   (You bought it in a shop on level 3 of the Dungeon)

   rPois:     It protects you from poison.
   MP+9:      It affects your magic capacity (+9).
 N - a +2 plate armour of cold resistance
 U - a +1 kite shield of cold resistance
 W - the +2 chain mail "Hufuseuk" {rElec rF- Will- Int+7}
   (You found it on level 2 of the Lair of Beasts)

   Int+7:     It affects your intelligence (+7).
   rF-:       It makes you vulnerable to fire.
   rElec:     It insulates you from electricity.
   Will-:     It decreases your willpower.
Jewellery
 e - a +4 ring of slaying (left claw)
 u - the ring of Midsummer {Wiz +Blink rF- rC+}
   (You found it on level 3 of the Lair of Beasts)

   [ring of wizardry]

   Wiz:       It improves your spell success rate.
   rF-:       It makes you vulnerable to fire.
   rC+:       It protects you from cold.
   +Blink:    It lets you blink.
 T - an amulet of reflection (around neck)
 V - a ring of poison resistance (right claw)
 X - an amulet of regeneration
 Y - the amulet of Inkalif {Reflect rC+ Int+4 Slay-6 SH+5}
   (You found it on level 3 of the Lair of Beasts)

   [amulet of reflection]

   Reflect:   It reflects blocked missile attacks.
   Int+4:     It affects your intelligence (+4).
   Slay-6:    It affects your accuracy & damage with ranged weapons and melee
   (-6).
   rC+:       It protects you from cold.
   SH+5:      It affects your SH (+5).
Wands
 h - a wand of quicksilver (15)
 o - a wand of charming (9)
 p - a wand of warping (29)
 z - a wand of flame (18)
 A - a wand of polymorph (12)
 Q - a wand of digging (8)
Scrolls
 f - 12 scrolls of teleportation
 k - a scroll of brand weapon {unknown}
 q - 3 scrolls of revelation
 t - 7 scrolls of enchant armour
 w - 3 scrolls of fear
 B - 4 scrolls of immolation
 F - a scroll of enchant weapon
 L - a scroll of fog {unknown}
Potions
 a - 5 potions of haste
 c - a potion of cancellation
 m - 2 potions of mutation
 n - a potion of ambrosia {unknown}
 x - a potion of resistance
 E - a potion of brilliance
 K - 4 potions of curing
 O - 3 potions of might
 R - 2 potions of lignification
 S - a potion of enlightenment
Miscellaneous
 g - a lightning rod (4/4)
 I - a phantom mirror (inert)
 Z - a phial of floods


   Skills:
 + Level 13.3 Fighting
 - Level 6.0 Throwing
 - Level 6.0 Armour
 - Level 6.0 Dodging
 - Level 6.0 Stealth
 - Level 6.0 Shields
 + Level 12.9 Unarmed Combat
 - Level 9.0 Evocations
 - Level 8.3 Shapeshifting


You had 13 spell levels left.
You didn't know any spells.
Your spell library contained the following spells:

 Spells                   Type           Power      Damage    Failure   Level
 Apportation              Tloc           0%         N/A       99%         1
 Jinxbite                 Hex            0%         N/A       100%        2
 Fugue of the Fallen      Necr           0%         N/A       100%        3
 Gell's Gravitas          Tloc           0%         N/A       100%        3
 Inner Flame              Hex/Fire       0%         N/A       100%        3
 Ozocubu's Armour         Ice            0%         N/A       100%        3
 Summon Ice Beast         Ice/Summ       0%         N/A       100%        3
 Teleport Other           Tloc           0%         N/A       100%        3
 Manifold Assault         Tloc           0%         N/A       100%        4
 Olgreb's Toxic Radiance  Alch           0%         N/A       100%        4
 Summon Blazeheart Golem  Fire/Summ      0%         N/A       100%        4
 Alistair's Intoxication  Alch           0%         N/A       100%        5
 Summon Mana Viper        Hex/Summ       0%         N/A       100%        5
 Dispersal                Tloc           0%         N/A       100%        6
 Monstrous Menagerie      Summ           0%         N/A       100%        7
 Orb of Destruction       Conj           0%         9d5       100%        7
 Ozocubu's Refrigeration  Ice            0%         4d7       100%        7
 Spellforged Servitor     Conj/Summ      0%         N/A       100%        7
 Discord                  Hex            0%         N/A       100%        8


Dungeon Overview and Level Annotations

Branches:
Dungeon (11/15)            Temple (1/1) D:7            Lair (5/5) D:11
  Swamp (0/4) Lair:3       Spider (0/4) Lair:2        Slime (0/5) Lair:4
    Orc (0/2) D:11          Sewer (visited)          Bailey (visited)
  IceCv (visited)

Altars:
Ashenzari
Cheibriados
Dithmenos
Fedhas
Gozag
Hepliaklqana
Kikubaaqudgha
Makhleb
Nemelex Xobeh
Okawaru
Qazlal
Ru
Sif Muna
Trog
Uskayaw
Vehumet
Wu Jian
Xom
Yredelemnul
Jiyva

Shops:
D:3 [?   D:11 (


Innate Abilities, Weirdness & Mutations

You have very sharp fingernails.
A meltable icy envelope protects you from harm. (AC +4)
You are mostly covered in sharp spines.
Your magical and physical power is slightly enhanced at high health.
Your movements are less encumbered by armour. (ER -4)
A meltable shield of frost defends you. (SH +4)
You have very sharp teeth.
Your spells are a little harder to cast, but a little more powerful.


Message History

You block the snapping turtle's attack.
You claw the death yak!
The death yak is almost dead.
You block the yak's attack. The death yak gores you!
* * * LOW HITPOINT WARNING * * *
The yak is struck by your spines. The yak gores you but does no damage.
You scratch the death yak but do no damage.
You bite the death yak, but do no damage.
The death yak is almost dead.
The blink frog blinks!
You block the snapping turtle's attack.
The merfolk avatar chants its luring song.
You block the yak's attack. The death yak is struck by your spines.
You kill the death yak!
You block the yak's attack.
You barely miss the yak.
The yak is almost dead.
You claw the yak!
You kill the yak!
The pull of its song draws you forwards.
The merfolk avatar chants its luring song.
The blink frog is struck by your spines.
The blink frog hits you but does no damage.
The snapping turtle bites you but does no damage.
You block the yak's attack.
The blink frog blinks!
You claw the snapping turtle!
The snapping turtle is moderately wounded.
The blink frog blinks!
The merfolk avatar chants its luring song.
Unknown command.
You feel better. You block the yak's attack.
You block the snapping turtle's attack.
Unknown command.
You claw the snapping turtle!
The snapping turtle is severely wounded.
You block the yak's attack.
You scratch the snapping turtle but do no damage.
The snapping turtle is severely wounded.
The blink frog blinks!
The snapping turtle bites you!
You die...
Jiyva sends a jelly to digest your remains.

*##.......~~~.~~~.
#..#.......##~####
**#.......~##~#.Pß
##........~~~.~#~
##.......#..~~~~~~
#P.........##~#~#~
#......P.#~#†~~~~~
##Yt.....P~.~§†t~~m
#.@F..m...P.†P†.~~~ *****
##†§..F...~.##~#~~~
*****,*,***#......F...~#~~#~#.
**,,,,,*,,*..........#..~P~#~~~
*,,,,,,,,,......#.....#.~~~~~#~
*,,,,,,,,......[#.......##~~~~ß
*,,,,,,,,........#......#*.##**
*,,,,,,,.........,....,,~~~~~~~
*,,,,,,,,,,,,,,,,,,,,,,,~~~~~~~


You could see a merfolk avatar (mesmerising), a snapping turtle, a yak and 3
blink frogs.

Vanquished Creatures
  An orc warlord (Bailey)
  A reaper (IceCv)
  The ghost of jasper the Summoner, a journeyman DECA of Kikubaaqudgha (Lair:5)
  Josephine (D:10)
  3 hydras
  A boulder beetle (D:11)
  Harold (D:11)
  Erica (Lair:2)
  10 death yaks
  3 two-headed ogres
  Sonja (Lair:1)
  5 skysharks
  Amaemon (Lair:1)
  A sea snake (Lair:5)
  A pharaoh ant (Lair:2)
  Pikel (D:4)
  A harpy (Lair:5)
  An orc knight (D:11)
  2 oklob plants (Lair:4)
  A manticore (Lair:5)
  Maurice (D:7)
  A cyclops (D:11)
  5 elephants
  5 black mambas
  An ice statue (IceCv)
  An orange demon (Lair:1)
  A gargoyle (D:11)
  2 unseen horrors (D:11)
  9 komodo dragons
  Maggie (D:6)
  10 cane toads
  2 rime drakes
  A freezing wraith (IceCv)
  An ice devil (IceCv)
  Psyche (D:11)
  3 polar bears
  2 trolls (D:11)
  A wind drake (Lair:5)
  A tarantella (Lair:2)
  Grinder (D:4)
  22 blink frogs
  2 hornets (D:8)
  13 dream sheep (Lair:4)
  Sigmund (D:3)
  4 wraiths (D:10)
  A shadow (D:11)
  2 dire elephant simulacra (IceCv)
  A vampire (D:10)
  4 wyverns
  3 basilisks
  48 yaks
  6 death yak simulacra
  A redback (Lair:2)
  2 steam dragons
  Grum (D:10)
  Menkaure (D:4)
  A harpy simulacrum (IceCv)
  Edmund (D:4)
  7 swamp worms (Lair:3)
  Duvessa (D:4)
  3 acid dragons
  A hydra simulacrum (IceCv)
  8 water moccasins
  13 orc warriors
  An ice beast (D:6)
  An ice beast (shapeshifter) (D:10)
  Pargi (Sewer)
  A black bear (D:11)
  16 wolves
  The ghost of lunkers the Cutter, an amateur CoBr of Uskayaw (D:3)
  4 centaurs
  2 phantoms (D:7)
  4 lemures (D:4)
  A brain worm (Sewer)
  15 bullfrogs
  3 scorpions
  3 two-headed ogre simulacra (IceCv)
  2 cane toad simulacra (IceCv)
  Dowan (D:4)
  27 wights
  2 elephant simulacra (IceCv)
  10 killer bees
  3 howler monkeys
  A bombardier beetle (D:5)
  An electric eel (Lair:3)
  Crazy Yiuf (D:4)
  6 orc priests
  A gnoll bouda (D:9)
  2 jellies
  A sleepcap (D:6)
  Ijyb (D:3)
  Terence (D:2)
  7 orc wizards
  3 spriggan simulacra (IceCv)
  5 troll simulacra (IceCv)
  8 hell rats
  A polar bear simulacrum (IceCv)
  A statue (D:11)
  4 wolf simulacra (IceCv)
  10 naga simulacra (IceCv)
  2 river rats
  7 adders
  15 gnolls
  A shadow imp (D:6)
  4 white imps (IceCv)
  6 ufetubi
  A dart slug (D:1)
  A ribbon worm (D:4)
  35 orcs
  9 ball pythons
  11 bats
  7 endoplasms
  6 giant cockroaches
  18 goblins
  13 hobgoblins
  4 jackals (D:1)
  7 kobolds
  3 quokkas
  A frilled lizard (D:1)
  9 rats
547 creatures vanquished.

Vanquished Creatures (collateral kills)
  A wolf (Lair:5)
1 creature vanquished.

Vanquished Creatures (others)
  An eldritch tentacle (Lair:5)
  18 jellies
  A spriggan simulacrum (IceCv)
20 creatures vanquished.

Grand Total: 568 creatures vanquished

Notes
Turn   | Place    | Note
-------+----------+-------------------------------------------
     0 | D:1      | IdlyInterested the Demonspawn Gladiator began the quest for
                  | the Orb.
     0 | D:1      | Reached XP level 1. HP: 16/16 MP: 1/1
   119 | D:1      | Gained mutation: Your movements are slightly less
                  | encumbered by armour. (ER -2) [demonic ancestry]
   119 | D:1      | Reached XP level 2. HP: 22/22 MP: 2/2
   247 | D:1      | Found a faded altar of an unknown god.
   619 | D:2      | Gained mutation: You have sharp fingernails. [demonic
                  | ancestry]
   619 | D:2      | Reached XP level 3. HP: 25/28 MP: 3/3
   758 | D:2      | Gained mutation: A meltable shield of frost defends you.
                  | (SH +4) [demonic ancestry]
   758 | D:2      | Reached XP level 4. HP: 34/34 MP: 4/4
   772 | D:2      | Noticed Terence
   789 | D:2      | Killed Terence
   790 | D:2      | Reached skill level 3 in Fighting
  1350 | D:2      | Identified the +3 ring mail of the King of the Hill {Str+2
                  | Dex+5}
  1619 | D:3      | Noticed Sigmund
  1632 | D:3      | Killed Sigmund
  1633 | D:3      | Reached skill level 1 in Armour
  1633 | D:3      | Reached XP level 5. HP: 30/42 MP: 5/5
  1633 | D:3      | Reached XP level 6. HP: 35/48 MP: 6/6
  1699 | D:3      | Found a transporter.
  1709 | D:3      | Noticed lunkers's ghost (amateur CoBr)
  1714 | D:3      | Found a transporter.
  1722 | D:3      | Reached skill level 4 in Fighting
  1742 | D:3      | Found Haogonen's Antique Armour Emporium.
  1789 | D:3      | Noticed Ijyb
  1795 | D:3      | Killed Ijyb
  2093 | D:3      | Found Patotus's Magic Scroll Shoppe.
  2269 | D:3      | Gained mutation: Your spells are a little harder to cast,
                  | but a little more powerful. [potion of mutation]
  2269 | D:3      | Gained mutation: You have very sharp teeth. [potion of
                  | mutation]
  2288 | D:3      | Killed lunkers's ghost
  2358 | D:4      | Noticed Edmund
  2373 | D:4      | Killed Edmund
  2374 | D:4      | Gained mutation: Your movements are less encumbered by
                  | armour. (ER -4) [demonic ancestry]
  2374 | D:4      | Reached XP level 7. HP: 12/55 MP: 7/7
  2428 | D:4      | Noticed Grinder
  2444 | D:4      | Paralysed by Grinder for 4 turns
  2455 | D:4      | Killed Grinder
  2456 | D:4      | Reached skill level 5 in Unarmed Combat
  2622 | D:4      | Reached skill level 5 in Fighting
  2669 | D:4      | Found a glowing drain.
  2673 | Sewer    | Entered a sewer
  2751 | Sewer    | Noticed Pargi
  2768 | Sewer    | Killed Pargi
  2769 | Sewer    | Reached skill level 1 in Shapeshifting
  2979 | D:4      | Noticed Menkaure
  2985 | D:4      | Killed Menkaure
  2986 | D:4      | Gained mutation: You are partially covered in sharp spines.
                  | [demonic ancestry]
  2986 | D:4      | Reached XP level 8. HP: 41/63 MP: 8/8
  3087 | D:4      | Noticed Dowan
  3088 | D:4      | Noticed Duvessa
  3099 | D:4      | Killed Duvessa
  3102 | D:4      | Killed Dowan
  3174 | D:4      | Found an ornate altar of the Wu Jian Council.
  3174 | D:4      | Found a faded altar of an unknown god.
  3181 | D:4      | Found a sparkling altar of Nemelex Xobeh.
  3182 | D:4      | Noticed Pikel
  3209 | D:4      | Killed Pikel
  3210 | D:4      | Reached skill level 6 in Fighting
  3210 | D:4      | Found a snail-covered altar of Cheibriados.
  3652 | D:4      | Found a runed translucent door.
  3653 | D:4      | Noticed Crazy Yiuf
  3657 | D:4      | Killed Crazy Yiuf
  3745 | D:3      | Bought a twisted kite shield for 209 gold pieces
  3745 | D:3      | Identified the +3 kite shield of Dramatic Exits {Harm rPois
                  | rCorr Stlth-} (You bought it in a shop on level 3 of the
                  | Dungeon)
  3787 | D:5      | Entered Level 5 of the Dungeon
  3789 | D:5      | Identified the +1 chain mail "Adepid" {Rampage +Blink rPois
                  | rF-}
  3966 | D:5      | Reached skill level 1 in Stealth
  4390 | D:6      | Reached XP level 9. HP: 54/71 MP: 9/9
  4711 | D:6      | Noticed Maggie
  4727 | D:6      | Killed Maggie
  4735 | D:6      | Upgraded the game from 0.32-a0-576-g706899e69d to
                  | 0.32-a0-616-g9348d4545b
  4970 | D:6      | Reached skill level 1 in Shields
  5501 | D:7      | Reached skill level 7 in Fighting
  5561 | D:7      | Noticed Maurice
  5567 | D:7      | Maurice stole 8 javelins
  5570 | D:7      | Something stole a +2 whip of flaming
  5571 | D:7      | Something stole 236 gold
  5572 | D:7      | Killed Maurice
  5652 | D:7      | Found a flagged portal.
  5661 | Bailey   | Entered a bailey
  5703 | Bailey   | Gained mutation: You are mostly covered in sharp spines.
                  | [demonic ancestry]
  5703 | Bailey   | Reached XP level 10. HP: 80/80 MP: 10/10
  5838 | Bailey   | Reached skill level 5 in Armour
  5871 | Bailey   | Reached skill level 8 in Fighting
  5909 | Bailey   | Noticed an orc warlord
  5961 | Bailey   | Killed an orc warlord
  6150 | Bailey   | Gained mutation: A meltable icy envelope protects you from
                  | harm. (AC +4) [demonic ancestry]
  6150 | Bailey   | Reached XP level 11. HP: 87/87 MP: 11/11
  6326 | D:7      | Found a staircase to the Ecumenical Temple.
  6557 | Temple   | Entered the Ecumenical Temple
  6677 | D:3      | Bought a shimmering chain mail for 209 gold pieces
  6677 | D:3      | Identified the +8 chain mail of the Ladybird {rPois MP+9}
                  | (You bought it in a shop on level 3 of the Dungeon)
  7485 | D:8      | You fall into a shaft and drop 3 floors!
  7531 | D:10     | Entered Level 10 of the Dungeon
  7537 | D:10     | Noticed Grum
  7542 | D:10     | Killed Grum
  7752 | D:10     | Found an iron altar of Okawaru.
  7986 | D:9      | Found a burning altar of Makhleb.
  8045 | D:9      | Reached skill level 9 in Fighting
  8145 | D:9      | Reached skill level 5 in Dodging
  8563 | D:9      | Gained mutation: You have very sharp fingernails. [demonic
                  | ancestry]
  8563 | D:9      | Reached XP level 12. HP: 94/95 MP: 12/12
  8903 | D:10     | Noticed a two-headed ogre
  8909 | D:10     | Killed a two-headed ogre
  8932 | D:10     | Found a hide-covered altar of Uskayaw.
  8948 | D:10     | Got the Precepts of the Arsonist
  9034 | D:10     | Noticed Josephine
  9041 | D:10     | Killed Josephine
  9160 | D:10     | Found a bloodstained altar of Trog.
  9358 | D:11     | Noticed Harold
  9367 | D:11     | Killed Harold
  9433 | D:11     | Found a radiant altar of Vehumet.
  9466 | D:11     | Noticed a two-headed ogre
  9472 | D:11     | Killed a two-headed ogre
  9473 | D:11     | Reached skill level 5 in Evocations
  9476 | D:11     | Reached skill level 10 in Unarmed Combat
  9502 | D:11     | Noticed a boulder beetle
  9513 | D:11     | Killed a boulder beetle
  9514 | D:11     | Reached skill level 10 in Fighting
  9710 | D:11     | Found a staircase to the Lair.
  9892 | D:11     | Found a staircase to the Orcish Mines.
  9894 | D:11     | Found Huhai's Weapon Boutique.
 10112 | D:11     | Noticed a two-headed ogre
 10125 | D:11     | Killed a two-headed ogre
 10354 | D:11     | Noticed Psyche
 10362 | D:11     | Killed Psyche
 10496 | Lair:1   | Entered Level 1 of the Lair of Beasts
 10591 | Lair:1   | Reached skill level 5 in Shields
 10622 | Lair:1   | Reached XP level 13. HP: 86/104 MP: 13/13
 10770 | Lair:1   | Noticed Sonja
 10774 | Lair:1   | Killed Sonja
 11236 | Lair:1   | Reached skill level 11 in Fighting
 11244 | Lair:1   | Noticed Amaemon
 11252 | Lair:1   | Killed Amaemon
 11608 | Lair:2   | Found a hole to the Spider Nest.
 11739 | Lair:2   | Reached skill level 5 in Stealth
 11853 | Lair:2   | Noticed Erica
 11870 | Lair:2   | Killed Erica
 12423 | Lair:2   | Identified the +2 chain mail "Hufuseuk" {rElec rF- Will-
                  | Int+7}
 13100 | Lair:3   | Found a shimmering altar of Xom.
 13265 | Lair:3   | Found a transporter.
 13292 | Lair:3   | Upgraded the game from 0.32-a0-616-g9348d4545b to
                  | 0.32-a0-630-g46d191b0ed
 13330 | Lair:3   | Found a transporter.
 13332 | Lair:3   | Identified the ring of Midsummer {Wiz +Blink rF- rC+}
 13336 | Lair:3   | Identified the amulet of Inkalif {Reflect rC+ Int+4 Slay-6
                  | SH+5}
 13951 | Lair:3   | Reached skill level 5 in Throwing
 13999 | Lair:3   | Found a staircase to the Swamp.
 14637 | D:3      | Bought a shiny plate armour for 572 gold pieces
 14927 | Lair:4   | Reached skill level 12 in Fighting
 15153 | Lair:4   | Identified the +3 sling of Untimely Demise {heavy, Str+2}
 15217 | Lair:4   | Gained mutation: Your magical and physical power is
                  | slightly enhanced at high health. [demonic ancestry]
 15217 | Lair:4   | Reached XP level 14. HP: 115/115 MP: 14/14
 16113 | Lair:4   | Found a viscous altar of Jiyva.
 16114 | Lair:4   | Found a staircase to the Slime Pits.
 16243 | Lair:4   | Became a worshipper of Jiyva Jehagusy the Shapeless
 16710 | Lair:5   | Entered Level 5 of the Lair of Beasts
 16721 | Lair:5   | Found a frozen archway.
 16772 | IceCv    | Entered an ice cave
 17618 | IceCv    | Noticed a reaper
 17618 | IceCv    | Found the +5 robe of Night {Dark Will+ SInv}
 17632 | IceCv    | Killed a reaper
 17658 | IceCv    | Identified the +1 pair of gloves "Semi" {rC+ Will+ Int-3
                  | Dex+2}
 17659 | IceCv    | Identified the +3 rapier "Afoso" {vamp, ^Drain MP+9 Str+3
                  | SInv}
 18281 | Lair:5   | Found a runed translucent gate.
 18282 | Lair:5   | Found a runed translucent gate.
 18283 | Lair:5   | Found a runed translucent gate.
 18285 | Lair:5   | Noticed jasper's ghost (journeyman DECA)
 18294 | Lair:5   | Killed jasper's ghost
 18300 | Lair:5   | Identified the +0 leather armour "Pohah" {rF++ rN++ SInv}
 18554 | Lair:5   | Reached skill level 13 in Fighting
 18612 | Lair:5   | HP: 3/118 [death yak (20)]
 18619 | Lair:5   | Slain by a snapping turtle

Illustrated notes

Levels and vault maps discovered:
D:1:      dpeg_arrival_erosion, layout_rooms, chequers_ecumenical_altar_lobes,
          minmay_misc_feat_cross
D:2:      layout_loops_ring, kennysheep_cross_room,
          minmay_randomly_rotated_circles, uniq_terence
D:3:      layout_loops_ring, gammafunk_ghost_arena, serial_shops,
          nicolae_shop_rolled_up, shop, uniq_ijyb, uniq_sigmund
D:4:      layout_loops_ring, chequers_temple_overflow_minitemple,
          gup_sewer_entry_spiral, uniq_edmund, uniq_duvessa, uniq_menkaure,
          uniq_crazy_yiuf_cottage, uniq_grinder, uniq_pikel
D:5:      layout_basic
D:6:      layout_loops_corners, hex_tiny, uniq_maggie
D:7:      layout_cave_pools, temple_doors_e, enter_bailey_2, uniq_maurice
D:8:      layout_basic, corexii_corridor_pit, minmay_fountain_box
D:9:      layout_roguey, lightli_temple_of_fire
D:10:     layout_rooms, marbit_many_paths, kennysheep_okawaru_gauntlet,
          mainiacjoe_overflow_boulevard, uniq_grum, uniq_josephine
D:11:     minmay_angry_zag, layout_irregular_city, dpeg_lair_monsters,
          orc_david_3, vehumet_statue, uniq_harold, uniq_psyche
Temple:   minmay_temple_curvy_branch
Lair:1:   layout_chaotic_city, beast_lair_carwin_7, infiniplex_staircase_pool_2,
          lemuel_fruit_fields, grunt_megastairs_5, uniq_sonja, uniq_amaemon
Lair:2:   layout_small_grid, nicolae_spider_entry_lesser_pyramids,
          grunt_forest_stairs_basic, chequers_serial_rivers_room_a,
          minmay_hedge_maze, uniq_erica
Lair:3:   gammafunk_worm_tunnel, layout_regular_city, palyth_hydra_swamp_entry,
          basic_altar, chequers_serial_rivers_small_b, serial_bayou_pond_d,
          minivault_27, cheibrodos_lair_caveside_slide
Lair:4:   layout_cave_pods, minmay_slime_entry_oklob_enclosed,
          wad_woods_river_04
Lair:5:   gammafunk_lair_ancient_temple, layout_hall_layers,
          ebering_ghost_rock_garden, portal_ice_cave_entry_ice_simulacra

Skill      XL: |  1  2  3  4  5  6  7  8  9 10 11 12 13 14 |
---------------+-------------------------------------------+-----
Unarmed Combat | 3 4 5 6 7 8 9 10 11 12 | 12.9
Throwing       | 2 3 5 6 |  6.0
Fighting       | 3 4 5 6 7 8 9 10 12 13 | 13.3
Dodging        | 3 5 6 |  6.0
Armour         | 1 3 4 6 |  6.0
Evocations     | 3 6 9 |  9.0
Shapeshifting  | 1 3 8 |  8.3
Stealth        | 1 3 6 |  6.0
Shields        | 3 5 6 |  6.0

Action                     |  1- 3 |  4- 6 |  7- 9 | 10-12 | 13-15 || total
---------------------------+-------+-------+-------+-------+-------++-------
  Melee: Unarmed           |    99 |   118 |   241 |   479 |   841 ||  1778
         Punch             |     2 |     6 |     9 |       |       ||    17
         Bite              |       |     2 |    25 |    54 |   159 ||   240
  Throw: Dart              |       |     5 |     4 |     1 |       ||    10
         Stone             |       |     1 |    15 |    34 |    25 ||    75
         Throwing net      |       |       |       |     5 |       ||     5
  Evoke: Wand              |       |       |       |     5 |       ||     5
         Phantom mirror    |       |       |       |       |     1 ||     1
    Use: Scroll            |     1 |     5 |     4 |     1 |     6 ||    17
         Potion            |       |     1 |     2 |     4 |     9 ||    16
   Stab: Sleeping          |     1 |     2 |     7 |       |       ||    10
         Held in net/web   |       |       |       |     7 |       ||     7
         Distracted        |       |       |       |       |     2 ||     2
 Armour: Leather armour    |    31 |       |       |       |       ||    31
         Ring mail         |    25 |    52 |    95 |    12 |       ||   184
         Chain mail        |       |       |       |   168 |   329 ||   497
         Robe              |       |       |       |       |     7 ||     7
  Dodge: Dodged            |    53 |    73 |    83 |    89 |   157 ||   455
         Repelled          |       |       |       |     4 |    15 ||    19
  Block: Other             |       |    14 |    11 |       |       ||    25
         Kite shield       |       |       |    90 |   367 |   837 ||  1294
         Reflection        |       |       |       |       |    18 ||    18

Table legend: (Time is in decaauts)
 A = Elapsed time spent in this place.
 B = Non-inter-level travel time spent in this place.
 C = Inter-level travel time spent in this place.
 D = Time resting spent in this place.
 E = Time spent auto-exploring this place.
 F = Levels seen in this place.
 G = Mean time per level.
                   A        B        C        D        E       F      G
               +--------+--------+--------+--------+--------+-----+--------+
         Total |  18652 |  16815 |   1837 |   1638 |  10690 |  20 |  932.6 |
       Dungeon |  10266 |   8815 |   1451 |    481 |   6124 |  11 |  933.3 |
        Temple |     18 |     15 |      3 |      0 |      0 |   1 |   18.0 |
          Lair |   6304 |   5922 |    382 |    715 |   3797 |   5 | 1260.8 |
         Sewer |    136 |    136 |      0 |     22 |      0 |   1 |  136.0 |
        Bailey |    506 |    506 |      0 |    137 |     40 |   1 |  506.0 |
      Ice Cave |   1420 |   1420 |      0 |    283 |    728 |   1 | 1420.0 |
               +--------+--------+--------+--------+--------+-----+--------+

Top non-repeatable levels by time:
  Lair:4: 1814 daAuts
   IceCv: 1420 daAuts
  Lair:2: 1417 daAuts
     D:4: 1415 daAuts
  Lair:3: 1392 daAuts
    D:11: 1310 daAuts
  Lair:1: 1231 daAuts
     D:6: 1195 daAuts
     D:2: 962 daAuts
     D:8: 917 daAuts
     D:3: 917 daAuts
     D:9: 829 daAuts
    D:10: 772 daAuts
     D:7: 713 daAuts
     D:5: 633 daAuts
